 Dungeon Crawl Stone Soup version 0.29-a0-492-g10b964d8d7 (webtiles) character file.

Game seed: 9847637894820589890

135 Colgate the Sneak (level 5, -2/33 HPs)
             Began as a Kobold Brigand on May 27, 2022.
             Was a Follower of Sif Muna.
             Slain by a white imp (3 damage)
             ... summoned by Natasha
             ... on level 2 of the Dungeon.
             The game lasted 00:04:49 (2297 turns).

Colgate the Sneak (Kobold Brigand)                  Turns: 2297, Time: 00:04:50

Health: -2/33      AC:  3    Str:  8    XL:     5   Next: 41%
Magic:  5/5        EV: 15    Int: 19    God:    Sif Muna [*.....]
Gold:   93         SH:  0    Dex: 18    Spells: 4/4 levels left

rFire   . . .      SeeInvis .   b - +4 spear "Netu" {vorpal, rElec Will+}
rCold   . . .      Faith    .   (no shield)
rNeg    . . .      Spirit   .   t - +0 robe
rPois   .          Reflect  .   (no helmet)
rElec   +          Harm     .   c - +0 cloak
rCorr   .          Rampage  .   (no gloves)
Will    +....                   (no boots)
Stlth   ++++......              (no amulet)
HPRegen 0.11/turn               u - +6 ring of intelligence
MPRegen 0.09/turn               (no ring)

@: no status effects
A: small, no large weapons, nightstalker 3
a: Renounce Religion, Channel Magic


You were on level 2 of the Dungeon.
You worshipped Sif Muna.
Sif Muna was aware of your devotion.
You visited 1 branch of the dungeon, and saw 2 of its levels.

You collected 93 gold pieces.

Inventory:

Hand Weapons
 a - a +2 dagger
 b - the +4 spear "Netu" (weapon) {vorpal, rElec Will+}
   (You found it on level 2 of the Dungeon)

   It inflicts extra damage upon your enemies.
   rElec:     It insulates you from electricity.
   Will:      It increases your willpower.
Missiles
 d - 9 poisoned darts (quivered)
 e - 3 curare-tipped darts
 l - 4 boomerangs
Armour
 c - a +0 cloak (worn)
 t - a +0 robe (worn)
Magical Staves
 n - a staff of earth
Jewellery
 u - a +6 ring of intelligence (left hand)
Scrolls
 g - 2 scrolls of poison {unknown}
 h - a scroll of identify {unknown}
 i - a scroll of amnesia
 m - a scroll of vulnerability {unknown}
 r - 2 scrolls of fog {unknown}
 s - a scroll of enchant weapon {unknown}
Potions
 f - 2 potions of flight {unknown}
 j - a potion of cancellation {unknown}
 k - a potion of might {unknown}
 o - 4 potions of curing {unknown}
 p - a potion of attraction {unknown}
 q - a potion of brilliance


   Skills:
 - Level 4.0 Fighting
 - Level 4.0 Short Blades
 - Level 2.1 Throwing
 - Level 2.5 Dodging
 + Level 6.1 Stealth


You had 4 spell levels left.
You didn't know any spells.
Your spell library was empty.

Dungeon Overview and Level Annotations

Branches:
Dungeon (2/15)

Altars:
Sif Muna
Yredelemnul

Annotations:
D:2 Natasha


Innate Abilities, Weirdness & Mutations

You are small and have problems with some larger weapons.
You are completely attuned to the shadows.


Message History

The helpless frilled lizard fails to defend itself.
You perforate the frilled lizard like a sieve!!!
You kill the frilled lizard!
Sif Muna accepts your kill.
You see here a frilled lizard corpse.
There is an open door here.
A bat comes into view.
The bat moves out of view.
No target in view!
You see here a +0 club.
Natasha, Servant of Life and Death comes into view.
She is carrying a wand of flame (20).
Natasha hisses angrily.
Natasha casts a spell.
Natasha is nearby!
Natasha zaps a wand.
The puff of flame hits you!
There are monsters nearby!
b - the +4 spear "Netu" (weapon)
{vorpal, rElec Will+} Reach: b) +4 spear "Netu" {vorpal, rElec Will+}
Aim: Natasha, carrying a wand of flame (19) (about 37% to evade the +4 spear "Netu")
You reach to attack!
You puncture Natasha!
Natasha mumbles some strange words.
You closely miss Natasha.
Natasha zaps a wand.
The puff of flame hits you!
You barely miss Natasha. The white imp hits you. The white imp freezes you.
The shadow imp spits at you.
Natasha casts a spell.
You hit Natasha but do no damage.
The white imp hits you but does no damage.
Natasha casts a spell at you. The magic dart hits you.
* * * LOW HITPOINT WARNING * * *
You barely miss Natasha. The white imp hits you.
* * * LOW HITPOINT WARNING * * *
The white imp freezes you.
* * * LOW HITPOINT WARNING * * *
The shadow imp picks up a beetle and eats it.
The shadow imp closely misses you.
Natasha zaps a wand.
The puff of flame misses you. The shadow imp gestures at you.
You resist with some effort. The white imp hits you.
You die...

###.....##.).......###...#..#....
.................................
.................#.####..#..#....
##...............................
#................................
......####.......#.###...#..#...#
#.###.......b..5.#.# #...........
#.###.####.....5.<)###......#....
#.....###......h@...........##..#
####...........5...##....##.##..#
####...##........................
.......(.....................#...
####.............#.##....##..#...
#...###.......................
#........... ......##..#...
#...###..... #.....##......
...###..... #....####.....


You could see Natasha, a white imp (summoned), 2 shadow imps and a bat.

Vanquished Creatures
  Terence (D:2)
  Natasha (twice) (D:2)
  An adder (D:2)
  2 dart slugs
  5 ball pythons
  2 endoplasms
  2 giant cockroaches (D:1)
  5 goblins
  5 hobgoblins (D:1)
  4 kobolds
  3 quokkas (D:1)
  4 bats
  5 frilled lizards
  6 rats
47 creatures vanquished.

Notes
Turn   | Place    | Note
-------+----------+-------------------------------------------
     0 | D:1      | Colgate the Kobold Brigand began the quest for the Orb.
     0 | D:1      | Reached XP level 1. HP: 12/12 MP: 1/1
     2 | D:1      | Noticed a demigod
     2 | D:1      | Noticed a human
     4 | D:1      | Noticed a draconian
     4 | D:1      | Noticed a vampire
     6 | D:1      | Noticed a spriggan
     8 | D:1      | Noticed an ogre
    10 | D:1      | Noticed a ghoul
    12 | D:1      | Noticed a tengu
    14 | D:1      | Noticed a troll
    14 | D:1      | Noticed a naga
    16 | D:1      | Noticed a minotaur
    16 | D:1      | Noticed a merfolk
    18 | D:1      | Noticed an elf
    18 | D:1      | Noticed a formicid
    20 | D:1      | Noticed an octopode
    22 | D:1      | Noticed a dwarf
    22 | D:1      | Noticed a felid
    24 | D:1      | Noticed a demonspawn
    24 | D:1      | Noticed a gargoyle
    26 | D:1      | Noticed a vine stalker
    69 | D:1      | Reached XP level 2. HP: 15/17 MP: 2/2
   375 | D:1      | Reached XP level 3. HP: 22/22 MP: 3/3
   880 | D:1      | Found a faded altar of an unknown god.
   899 | D:1      | Prayed at the altar of an unknown god.
   899 | D:1      | Became a worshipper of Sif Muna the Loreminder
   899 | D:1      | Reached * piety under Sif Muna
  1359 | D:2      | Reached XP level 4. HP: 28/28 MP: 4/4
  1369 | D:2      | Reached skill level 6 in Stealth
  1565 | D:2      | Identified the +4 spear "Netu" {vorpal, rElec Will+}
  1578 | D:2      | Noticed Natasha
  1581 | D:2      | Found a basalt altar of Yredelemnul.
  1585 | D:2      | Killed Natasha
  1834 | D:2      | Noticed Natasha
  1838 | D:2      | Killed Natasha
  1839 | D:2      | Reached XP level 5. HP: 32/32 MP: 5/5
  1857 | D:2      | Noticed Terence
  1867 | D:2      | Killed Terence
  2289 | D:2      | Noticed Natasha
  2297 | D:2      | HP: 1/33 [white imp[Natasha] (4)]
  2297 | D:2      | Slain by a white imp

Illustrated notes

Levels and vault maps discovered:
D:1:      kb_arrival_jail, layout_basic, chequers_ecumenical_altar_island,
          kennysheep_small_spiral
D:2:      layout_basic, basic_altar, uniq_natasha, uniq_terence

Skill      XL: |  1  2  3  4  5 |
---------------+----------------+-----
Short Blades   | 3 4 |  4.0
Fighting       | 3 4 |  4.0
Stealth        | 6 |  6.1
Dodging        | 2 |  2.5
Throwing       | |  2.1

Action                   |  1- 3 |  4- 6 || total
-------------------------+-------+-------++-------
Melee: Dagger            |    79 |     9 ||    88
       Spear             |       |    18 ||    18
  Use: Scroll            |     1 |       ||     1
 Stab: Sleeping          |    17 |     5 ||    22
       Distracted        |       |     1 ||     1
Armor: Robe              |    10 |     7 ||    17
Dodge: Dodged            |    39 |    16 ||    55

Table legend: (Time is in decaauts)
 A = Elapsed time spent in this place.
 B = Non-inter-level travel time spent in this place.
 C = Inter-level travel time spent in this place.
 D = Time resting spent in this place.
 E = Time spent auto-exploring this place.
 F = Levels seen in this place.
 G = Mean time per level.
                   A        B        C        D        E       F      G
               +--------+--------+--------+--------+--------+-----+--------+
         Total |   2284 |   2167 |    117 |      0 |   1852 |   2 | 1142.0 |
       Dungeon |   2284 |   2167 |    117 |      0 |   1852 |   2 | 1142.0 |
               +--------+--------+--------+--------+--------+-----+--------+

Top non-repeatable levels by time:
     D:1: 1265 daAuts
     D:2: 1019 daAuts
